[Event "NJSK 2024 Cm"]
[Site "Groningen, Netherlands"]
[Date "2024.05.01"]
[Round "5.7"]
[White "Jermin, Ayleanna"]
[Black "Schipper, Sarah"]
[Result "1-0"]
[TimeControl "90min/40moves + 30min + 30sec/move"]
[WhiteElo "1249"]
[BlackElo "1238"]

1. e4 e5 2. Bc4 Nc6 3. Nf3 Bc5 4. d3 h6 5. a3 Nf6 6. b4 Bb6 7. Bb2 d6 8. c3 d5 9. exd5 Nxd5 10.
Qb3 Be6 11. O-O Qd7 12. Re1 Qd6 13. d4 f6 14. Nbd2 O-O-O 15. Ne4 Qd7 16. a4 a6 17. b5 Na5 18. Qa2 Nxc4 19. bxa6 Na5 20.
axb7+ Kxb7 21. Qa3 Nf4 22. Qb4 Nd3 23. Nc5+ Ka7 24. Nxd3 Qc6 25. Nc5 Rd5 26. c4 Rdd8 27. Nxe6 Qxe6 28.
c5 Nb3 29. cxb6+ cxb6 30. Ra3 Na5 31. Bc3 Rd5 32. Qb2 Re8 33. Bxa5 Rxa5 34. Qc3 Qd6 35. Nd2 g5 36. Nc4 Qe7 37.
Nxa5 bxa5 38. Qxa5+ Kb7 39. Qd5+ Ka7 40. Raa1 Qd8 41. Qc5+ Ka8 42. d5 Re7 43. d6 Rb7 44. Qd5 Kb8 45.
Rab1 Rxb1 46. Rxb1+ Kc8 47. Qb7# 1-0

[Event "NJSK 2024 Cm"]
[Site "Groningen, Netherlands"]
[Date "2024.05.02"]
[Round "6.1"]
[White "Roebers, Bregje"]
[Black "Koorevaar, Sarah-Joy"]
[Result "1/2-1/2"]
[TimeControl "90min/40moves + 30min + 30sec/move"]
[WhiteElo "1829"]
[BlackElo "1544"]

1. f4 d5 2. Nf3 Bf5 3. g3 e6 4. Bg2 Nc6 5. O-O Nf6 6. d3 Qd6 7. e3 O-O-O 8. a3 e5 9. Ng5 Qd7 10.
fxe5 Bg4 11. Nf3 Bxf3 12. Qxf3 Nxe5 13. Qf5 Qe6 14. Bh3 Re8 15. Nc3 c6 16. Kg2 Qxf5 17. Rxf5 Kc7 18. Bd2 Bd6 19.
Raf1 h5 20. Rg5 Rhg8 21. Rgf5 Rh8 22. Ne2 Nfg4 23. Bc1 g6 24. R5f4 f5 25. Nd4 Nd7 26. R4f3 Nde5 1/2-1/2

[Event "NJSK 2024 Cm"]
[Site "Groningen, Netherlands"]
[Date "2024.05.02"]
[Round "6.2"]
[White "Jorritsma, Eli Alia"]
[Black "Hardeman, Imara"]
[Result "1-0"]
[TimeControl "90min/40moves + 30min + 30sec/move"]
[WhiteElo "1777"]
[BlackElo "1676"]

1. Nf3 d5 2. b3 c6 3. Bb2 Bf5 4. e3 e6 5. d4 Nf6 6. Bd3 Bxd3 7. Qxd3 Bd6 8. O-O O-O 9. Nbd2 Nbd7 10.
c4 Rc8 11. e4 dxe4 12. Nxe4 Nxe4 13. Qxe4 Nf6 14. Qc2 c5 15. Rad1 cxd4 16. Rxd4 Qe7 17. Rh4 e5 18. g4 g6 19.
Qd2 h5 20. gxh5 Nxh5 21. Qh6 Qf6 22. Rxh5 Qg7 23. Qxg7+ Kxg7 24. Bxe5+ Bxe5 25. Rxe5 Rcd8 26. Re7 Rb8 27. Rd1 a6 28.
Rdd7 b6 29. Ne5 1-0

[Event "NJSK 2024 Cm"]
[Site "Groningen, Netherlands"]
[Date "2024.05.02"]
[Round "6.3"]
[White "Vermeulen, Ilona"]
[Black "Luong, Thao"]
[Result "0-1"]
[TimeControl "90min/40moves + 30min + 30sec/move"]
[WhiteElo "1427"]
[BlackElo "1687"]

1. d4 d5 2. c4 e6 3. Nc3 Nf6 4. Nf3 c6 5. e3 Nbd7 6. Bd3 dxc4 7. Bxc4 Nb6 8. Be2 Nbd5 9. O-O Bd6 10.
Bd3 Qc7 11. Ne4 Nxe4 12. Bxe4 f5 13. Bxd5 exd5 14. g3 h5 15. Qd3 Qf7 16. Ne5 Bxe5 17. dxe5 h4 18. b3 Qh5 19. Qd1 Qg6 20.
Qf3 Be6 21. Kh1 d4 22. Qf4 Bd5+ 23. Kg1 d3 24. Bb2 O-O-O 25. Rfd1 hxg3 26. Qxg3 Qh5 27. Rxd3 Qe2 28. Rad1 Qxb2 29.
R3d2 Qc3 30. Qf4 Be4 31. Rxd8+ Rxd8 32. Rxd8+ Kxd8 33. Qh4+ Kd7 34. h3 Qe1+ 35. Kh2 Qh1+ 36. Kg3 Qf3+ 37.
Kh2 Qg2# 0-1

[Event "NJSK 2024 Cm"]
[Site "Groningen, Netherlands"]
[Date "2024.05.02"]
[Round "6.4"]
[White "Elangkumaran, Anumitra"]
[Black "Ganeshram, Niranjana"]
[Result "1-0"]
[TimeControl "90min/40moves + 30min + 30sec/move"]
[WhiteElo "1605"]
[BlackElo "1566"]

1. e4 e5 2. Nf3 Nc6 3. Bc4 Bc5 4. c3 Nf6 5. d3 h6 6. Nbd2 d6 7. Nf1 Ng4 8. Ne3 Nf6 9. O-O Bd7 10. h3 Qe7 11. a4 a6 12. b4 Ba7 13.
Nd5 Nxd5 14. exd5 Nd8 15. Be3 O-O 16. Nd2 c6 17. Bxa7 Rxa7 18. Re1 Qg5 19. Ne4 Qg6 20. Qf3 b5 21.
dxc6 bxc4 22. cxd7 cxd3 23. Qxd3 Rxd7 24. Qxa6 f5 25. Ng3 f4 26. Ne4 f3 27. Ng3 h5 28. Qc4+ Rdf7 29. gxf3 Ne6 30.
Qe4 Qg5 31. h4 Qd2 32. Qe3 Qd5 33. Qe4 Qb3 34. Re3 Nf4 35. a5 Qb2 36. Rf1 Qb3 37. Rfe1 Qe6 38. Ne2 d5 39. Nxf4 Rxf4 40.
Qxe5 Qg6+ 41. Qg5 Qf7 42. Re7 Rg4+ 43. Qxg4 hxg4 44. Rxf7 Rxf7 45. fxg4 Rf4 1-0

[Event "NJSK 2024 Cm"]
[Site "Groningen, Netherlands"]
[Date "2024.05.02"]
[Round "6.5"]
[White "Barbier, Emma"]
[Black "Regterschot, Frederieke"]
[Result "0-1"]
[TimeControl "90min/40moves + 30min + 30sec/move"]
[WhiteElo "1473"]
[BlackElo "1292"]

1. e4 e5 2. Nf3 Nc6 3. Bc4 Bc5 4. Nc3 Nf6 5. d3 h6 6. O-O O-O 7. Be3 Bxe3 8. fxe3 d6 9. h3 Re8 10.
Qd2 a6 11. Rae1 b5 12. Bb3 Bb7 13. a4 Na7 14. axb5 axb5 15. Nd5 c6 16. Nxf6+ gxf6 17. Qf2 Kh7 18. Bxf7 Re7 19. Bb3 Rg7 20.
Nh2 Bc8 21. Ng4 Kh8 22. Qf3 Bxg4 23. hxg4 Rg6 24. Bf7 Rg7 25. Bh5 Nc8 26. Qxf6 Qxf6 27. Rxf6 Kh7 28. Rf8 Rc7 29. Ref1 Ra2 30.
Rb1 Nb6 31. Rf7+ Rxf7 32. Bxf7 d5 33. Be8 dxe4 34. dxe4 Nc4 35. Kf2 Nd2 36. Rd1 Nxe4+ 37. Kf3 Ng5+ 38. Ke2 Rxb2 39. Kd3 c5 40.
Kc3 Rb4 41. Rd7+ Kg8 42. Bg6 Rxg4 43. Rd5 b4+ 44. Kb2 Rxg2 45. Rxe5 Nf3 46. Rxc5 Rxg6 47. Kb3 Rb6 48. Rd5 Re6 49.
Kxb4 Rxe3 50. c4 Re5 51. Rd3 Ne1 52. Rd8+ Kf7 53. Rd2 h5 54. c5 Ke7 55. c6 Nf3 56. Rd3 Re4+ 57. Kb5 Nd4+ 58.
Kb6 Nxc6 59. Kxc6 Ke6 60. Rd8 h4 61. Kc5 Kf5 62. Rh8 Kg4 63. Kd5 Re1 64. Rg8+ Kh3 65. Kd4 Kh2 66. Rg4 h3 67.
Kd3 Kh1 68. Rg3 h2 69. Kd2 Rg1 70. Re3 Rg2+ 71. Kd1 Kg1 72. Re1 Kf2 73. Rh1 Rg1+ 74. Rxg1 hxg1=Q+ 75. Kc2 Qg3 76. Kb2 Qd3 77.
Ka1 Qb5 78. Ka2 Ke2 79. Ka1 Kd2 80.
Ka2 Kc2 81. Ka1 Qb2# 0-1

[Event "NJSK 2024 Cm"]
[Site "Groningen, Netherlands"]
[Date "2024.05.02"]
[Round "6.6"]
[White "Esvelt, Klio"]
[Black "Jermin, Ayleanna"]
[Result "1-0"]
[TimeControl "90min/40moves + 30min + 30sec/move"]
[WhiteElo "1353"]
[BlackElo "1249"]

1. e4 e5 2. Nf3 Nc6 3. d4 f6 4. dxe5 fxe5 5. Bc4 h6 6. Nc3 Bb4 7. Bd2 Nf6 8. a3 Bxc3 9. Bxc3 Nxe4 10.
Qd5 Nd6 11. Nxe5 Qe7 12. O-O-O Nxe5 13. Bxe5 Kd8 14. Rhe1 Qg5+ 15. Kb1 Rf8 16. f4 Qf5 17. Bxg7 Qxd5 18. Bxd5 Rxf4 19. Bxh6 Rh4 20.
Bg5# 1-0

[Event "NJSK 2024 Cm"]
[Site "Groningen, Netherlands"]
[Date "2024.05.02"]
[Round "6.7"]
[White "Schipper, Sarah"]
[Black "Zhang, Jinchen"]
[Result "0-1"]
[TimeControl "90min/40moves + 30min + 30sec/move"]
[WhiteElo "1238"]
[BlackElo "1348"]

1. e4 c5 2. Nc3 e6 3. Nf3 Nc6 4. g3 Be7 5. d3 Nf6 6. Bg2 d6 7. Be3 d5 8. O-O d4 9. e5 Nd7 10.
Bd2 dxc3 11. Bxc3 O-O 12. Qd2 b5 13. Qe3 Bb7 14. Bd2 Qc7 15. d4 cxd4 16. Nxd4 Nxd4 17. Qxd4 Bxg2 18. Kxg2 Nxe5 19.
Bc3 Bf6 20. Qf4 Qc6+ 21. Kh3 Ng6 22. Qe3 Bxc3 23. bxc3 a6 24. Rac1 Rac8 25. Rfd1 Qxc3 26. Qxc3 Rxc3 27. Rd6 Ra3 28. Ra1 h6 29. Kg2 Rc8 30.
Rd2 Rac3 31. Rc1 Ne5 32. Rd6 Rxc2 33. Rxc2 Rxc2 34. Rxa6 Nd3 35. Kf3 Rxf2+ 36. Ke3 Rxh2 37. Kxd3 Rh3 38.
Kd4 Rxg3 39. Rb6 h5 40. Rxb5 h4 41. Rb8+ Kh7 42. a4 Rg4+ 43. Ke3 Rxa4 44. Kf2 Rg4 45. Rb3 Kh6 46. Rh3 Kh5 47.
Rh2 f5 48. Kf3 e5 49. Kf2 e4 50. Ke3 g5 51. Rh1 Rg3+ 52. Kf2 f4 53. Rh2 Kg4 54. Ke2 h3 55. Kf1 f3 56. Ke1 e3 57. Kf1 Rg2 58. Rh1 Kg3 59.
Ke1 h2 60. Kf1 e2+ 61. Ke1 Rg1+ 62. Rxg1+ hxg1=Q+ 63. Kd2 e1=Q+ 64. Kd3 Qge3+ 65. Kc4 Q1c3+ 66. Kd5 Qee5# 67. Kd4 0-1

[Event "NJSK 2024 Cm"]
[Site "Groningen, Netherlands"]
[Date "2024.05.03"]
[Round "7.1"]
[White "Hardeman, Imara"]
[Black "Roebers, Bregje"]
[Result "0-1"]
[TimeControl "90min/40moves + 30min + 30sec/move"]
[WhiteElo "1676"]
[BlackElo "1829"]

1. e4 d6 2. d4 Nf6 3. Nc3 g6 4. f4 Bg7 5. Nf3 O-O 6. Be3 Ng4 7. Qd2 e5 8. fxe5 dxe5 9. d5 Nxe3 10.
Qxe3 Nd7 11. Bd3 f5 12. Qf2 Qe7 13. O-O-O Nc5 14. Bc4 Kh8 15. Qe3 a6 16. a3 Qd6 17. Rhe1 Nd7 18. Ng5 Nb6 19.
Bb3 h6 20. Nf3 Nd7 21. h4 Nf6 22. Qe2 f4 23. Qd3 Ng4 24. Qe2 Bd7 25. Rd2 b5 26. Nd1 a5 27. Nf2 a4 28. Ba2 b4 29.
Qd3 Nxf2 30. Rxf2 Qc5 31. Qd2 bxa3 32. bxa3 Qxa3+ 33. Kd1 Qxa2 34. Ke2 Bb5+ 35. Kd1 a3 0-1

[Event "NJSK 2024 Cm"]
[Site "Groningen, Netherlands"]
[Date "2024.05.03"]
[Round "7.2"]
[White "Regterschot, Frederieke"]
[Black "Jorritsma, Eli Alia"]
[Result "1-0"]
[TimeControl "90min/40moves + 30min + 30sec/move"]
[WhiteElo "1292"]
[BlackElo "1777"]

1. d4 g6 2. e4 Bg7 3. Nc3 d6 4.
Be3 Nd7 5. Bc4 a6 6. a4 Ngf6 7. f3 O-O 8. Nge2 c5 9. O-O Nb6 10. Ba2 Qc7 11. Qe1 c4 12. b3 Be6 13. d5 Bc8 14.
Bxb6 Qxb6+ 15. Kh1 cxb3 16. cxb3 Nd7 17. Rc1 Nc5 18. Qd1 f5 19. Rb1 fxe4 20. Nxe4 Bf5 21. N2g3 Bxe4 22. fxe4 Be5 23.
Rxf8+ Rxf8 24. b4 Bxg3 25. bxc5 Qxc5 26. hxg3 Qf2 27. Bb3 Qxg3 28. Qc2 Rf2 29. Qc8+ Kg7 30. Qh3 Qf4 31. Qc3+ Kf7 32.
Qd3 Qg4 33. Qh3 Qxh3+ 34. gxh3 Re2 35. Bd1 Rxe4 36. Bc2 Rd4 37. Rxb7 Rd2 38. Rb2 Kf6 39. Ra2 Rxd5 40. a5 Rd2 41.
Bb3 Rd3 42. Bc4 Rxh3+ 43. Kg2 Rc3 44. Bxa6 Ke6 45. Bb7 Rc5 46. a6 1-0

[Event "NJSK 2024 Cm"]
[Site "Groningen, Netherlands"]
[Date "2024.05.03"]
[Round "7.3"]
[White "Luong, Thao"]
[Black "Elangkumaran, Anumitra"]
[Result "0-1"]
[TimeControl "90min/40moves + 30min + 30sec/move"]
[WhiteElo "1687"]
[BlackElo "1605"]

1. e4 e5 2. Nf3 Nc6 3. Bc4 Bc5 4. c3 Nf6 5. d4 exd4 6. cxd4 Bb4+ 7. Nc3 Nxe4 8. O-O Bxc3 9. d5 Bf6 10.
dxc6 bxc6 11. Nd4 O-O 12. Bf4 Ng5 13. Re1 c5 14. Nb5 d6 15. Qd2 Be6 16. Bb3 h6 17. Bxg5 hxg5 18. Bxe6 fxe6 19.
Rxe6 Qd7 20. Qd5 Kh8 21. Re3 g4 22. Rb3 c6 23. Qxd6 Qxd6 24. Nxd6 Bd4 25. Rf1 Rf6 26. Ne4 Rf4 27.
Ng5 Re8 28. h3 g3 29. Rxg3 Bxf2+ 30. Rxf2 Re1+ 31. Kh2 Rxf2 32. Rb3 Rf8 33. Rb7 Re2 34. Rxa7 Rxb2 35. Ra6 Rc8 36. Nf7+ Kh7 37.
Ne5 Rf8 38. Nxc6 Rff2 39. Ra5 Rxg2+ 40. Kh1 Rgc2 41. Rxc5 Rb1# 0-1

[Event "NJSK 2024 Cm"]
[Site "Groningen, Netherlands"]
[Date "2024.05.03"]
[Round "7.4"]
[White "Koorevaar, Sarah-Joy"]
[Black "Esvelt, Klio"]
[Result "1-0"]
[TimeControl "90min/40moves + 30min + 30sec/move"]
[WhiteElo "1544"]
[BlackElo "1353"]

1. d4 d5 2. c4 c6 3. Nf3 Nf6 4.
g3 Bf5 5. Bg2 e6 6. O-O Nbd7 7. Nc3 Qc7 8. Re1 h6 9. c5 g5 10. Qb3 g4 11. Bf4 Qc8 12. Ne5 Nxe5 13. Bxe5 Bg7 14.
f3 h5 15. e4 dxe4 16. fxe4 Bg6 17. Rf1 Qd8 18. Qxb7 h4 19. Bxf6 Bxf6 20. Rxf6 hxg3 21. Rd1 gxh2+ 22. Kh1 g3 23.
e5 O-O 24. Qxc6 Rb8 25. b3 Bh5 26. Bf3 Bxf3+ 27. Qxf3 Rb4 28. Qxg3+ Kh7 29. Qxh2+ Kg8 30. Rg1# 1-0

[Event "NJSK 2024 Cm"]
[Site "Groningen, Netherlands"]
[Date "2024.05.03"]
[Round "7.5"]
[White "Jermin, Ayleanna"]
[Black "Vermeulen, Ilona"]
[Result "0-1"]
[TimeControl "90min/40moves + 30min + 30sec/move"]
[WhiteElo "1249"]
[BlackElo "1427"]

1. e4 d5 2. exd5 Nf6 3. Bc4 Nxd5 4. Qf3 e6 5. Ne2 Nc6 6. Bb5 Bd7 7. Bxc6 Bxc6 8. Qh5 Qf6 9. d3 g6 10.
Qg4 Bb4+ 11. c3 Be7 12. Qg3 Bd6 13. Qg5 Qxg5 14. Bxg5 Be7 15. Bd2 O-O-O 16. a4 e5 17. a5 Nf6 18.
a6 Rxd3 19. axb7+ Kxb7 20. Be3 a6 21. Na3 Bxg2 22. Rg1 Bxa3 23. Rxg2 Be7 24. Rg5 Nd7 25. Rg4 Nb6 26. Ra5 f6 27.
b4 Rhd8 28. Kf1 Rd1+ 29. Kg2 h5 30. Rxg6 Nd5 31. b5 Nxe3+ 32. fxe3 axb5 33. Rxb5+ Kc6 34. Rb2 R1d2 35. Rxd2 Rxd2 36.
Kf3 e4+ 37. Kf2 Kd5 38. Rh6 Kc4 39.
Rxh5 Kd3 40. Rd5+ Kc2 41. Rxd2+ Kxd2 42. c4 Bc5 43. Ng3 Bxe3 44. Kg2 Kd3 45. Nf5 Bg5 46. c5 e3 47. Nxe3 Kxe3 48. Kg3 f5 49. h3 f4 50.
Kg2 Bh4 51. Kf1 Kf3 52. c6 Kg3 53. Kg1 Kxh3 54. Kf1 Kg4 55. Kg2 Bg3 56. Kg1 Kf5 57. Kg2 Ke5 58. Kf3 Kd5 59. Ke2 Kxc6 60.
Kd3 Kd5 61. Kd2 Kd4 62. Kd1 Ke3 63. Kc2 f3 64. Kc1 f2 65. Kb2 f1=Q 66. Ka2 Qa6+ 67. Kb2 Be5+ 68. Kc2 Qd3+ 69. Kc1 Qd2+ 70. Kb1 Qb2# 0-1

[Event "NJSK 2024 Cm"]
[Site "Groningen, Netherlands"]
[Date "2024.05.03"]
[Round "7.6"]
[White "Zhang, Jinchen"]
[Black "Barbier, Emma"]
[Result "1-0"]
[TimeControl "90min/40moves + 30min + 30sec/move"]
[WhiteElo "1348"]
[BlackElo "1473"]

1. e4 e5 2. Nf3 Nc6 3. d4 d6 4. dxe5 Nxe5 5. Nxe5 dxe5 6. Qxd8+ Kxd8 7. Nc3 Bb4 8. Bd2 Bg4 9. f3 Be6 10.
O-O-O Ke8 11. Kb1 Ne7 12. Nb5 Rd8 13. c3 Ba5 14. Be2 a6 15. Na3 Bd7 16. Be3 Be6 17. Rxd8+ Kxd8 18. Rd1+ Kc8 19.
Bc4 Bxc4 20. Nxc4 Nc6 21. b4 Bb6 22. Bxb6 cxb6 23. Nxb6+ Kc7 24. Nc4 f6 25. a4 h5 26. a5 h4 27.
Nb6 g6 28. Rd7+ Kb8 29. Rf7 Rd8 30. Rxf6 Rd1+ 31. Kc2 Rh1 32. h3 g5 33. Rg6 g4 34. Rxg4 Rg1 35. Kb3 Kc7 36. Rxh4 Rxg2 37.
Rg4 Rf2 38. Rg3 Kd8 39. Kc4 Ke8 40. Kd5 Ke7 41. Kc5 Ke6 42. Nd5 Kd7 43. Rg7+ Kc8 44. Kd6 Kb8 45. Nb6 Rd2+ 46. Ke6 Rd8 47.
Rd7 Rh8 48. Rg7 Rd8 49. h4 Rh8 50. h5 Rd8 51. h6 Rh8 52. h7 Re8+ 53. Kd5 Rd8+ 54. Kc5 Rd5+ 55. Kxd5 Nxb4+ 56. cxb4 Ka7 57.
Rg1 Kb8 58. Rg8+ Kc7 59. Rc8# 1-0

[Event "NJSK 2024 Cm"]
[Site "Groningen, Netherlands"]
[Date "2024.05.03"]
[Round "7.7"]
[White "Ganeshram, Niranjana"]
[Black "Schipper, Sarah"]
[Result "1-0"]
[TimeControl "90min/40moves + 30min + 30sec/move"]
[WhiteElo "1566"]
[BlackElo "1238"]

1. e4 e5 2. Nf3 Nc6 3. Bc4 Nf6 4. Ng5 d5 5. exd5 Nxd5 6. Nxf7 Kxf7 7. Qf3+ Qf6 8. Bxd5+ Be6 9. Bxe6+ Kxe6 10.
Qxf6+ Kxf6 11. O-O Bd6 12. Nc3 Rhe8 13. d3 Kf7 14. Be3 Kg8 15. f4 Rf8 16. fxe5 Rxf1+ 17. Rxf1 Bxe5 18. Bc5 b6 19.
Bf2 h6 20. Bg3 Bxg3 21. hxg3 Nb4 22. Rc1 Kf7 23. Nb5 c6 24. Nc3 Kf6 25. a3 Na6 26. Re1 Nc5 27. Ne4+ Nxe4 28. dxe4 Ke5 29.
Kf2 Rf8+ 30. Ke3 Rf6 31. Rh1 Rg6 32. Rh3 c5 33. b3 a6 34. c4 Rf6 35. Rh5+ Ke6 36. g4 Kd6 37. g5 Re6 38.
gxh6 gxh6 39. b4 Rg6 40. bxc5+ bxc5 41. Rd5+ Kc6 42. Kf2 Rg4 43. Kf3 Rg6 44. e5 a5 45. Rd6+ Rxd6 46. exd6 Kxd6 47. Kg4 Ke7 48. Kh5 Kf7 49.
Kxh6 Kg8 50. Kg6 Kf8 51. Kf6 Ke8 52. Ke6 a4 53. Kd6 Kd8 54. Kxc5 Kd7 55. Kb5 Kd6 56. Kxa4 Ke6 57. g4 Ke7 58.
g5 Ke8 59. g6 Ke7 60. g7 Kf7 61. Kb5 Kxg7 62. a4 Kf7 63. a5 Ke7 64. a6 Kd7 65. a7 1-0